 Dungeon Sprint DCSS version 0.30.1-5-ged363bc7ee (webtiles) character file.

Game seed: 16071268436099010006

0 Heoruswealwe the Thaumaturge (level 5, 28/28 HPs)
             Began as a Deep Elf Conjurer on Sept 19, 2023.
             Was an Initiate of Gozag.
             Got out of the dungeon alive.
             The game lasted 00:01:37 (63 turns).

Heoruswealwe the Thaumaturge (Deep Elf Conjurer)      Turns: 63, Time: 00:01:37

Health: 28/28      AC:  2    Str:  4    XL:     5   Next: 19%
Magic:  13/19      EV: 12    Int: 25    God:    Gozag
Gold:   11         SH:  0    Dex: 13    Spells: 23/24 levels left

rFire   . . .        (no weapon)
rCold   . . .        (no shield)
rNeg    . . .        a - +0 robe
rPois   .            (no helmet)
rElec   .            (no cloak)
rCorr   .            (no gloves)
SInv    .            (no boots)
Will    .....        (no amulet)
Stlth   ++           (no ring)
HPRegen 0.24/turn    (no ring)
MPRegen 0.16/turn

%: no teleportation
@: no status effects
A: no striking features
a: Renounce Religion, Potion Petition, Call Merchant, Bribe Branch


You escaped.
You worshipped Gozag.
Gozag was noncommittal.
You visited 1 branch You collected 236 gold pieces.
You spent 225 gold pieces at shops.

Inventory:

Hand Weapons
 l - a +0 scythe
Armour
 a - a +0 robe (worn)
 m - a +0 robe
Jewellery
 n - the amulet of the Piercing Genius {Reflect +Inv rC- Will++ Int+2 SH+5}
   (You bought it in a shop in the Dungeon)

   [amulet of reflection]

   It reflects blocked missile attacks.
   Int:       It affects your intelligence (+2).
   rC:        It makes you vulnerable to cold.
   +Inv:      It lets you turn invisible.
   SH:        It affects your SH (+5).
   Will:      It greatly increases your willpower.
 o - the amulet of the Crafting Gods {Spirit rPois Str+3 Int+3 Slay+3}
   (You bought it in a shop in the Dungeon)

   [amulet of guardian spirit]

   It causes incoming damage to be divided between your reserves of health and
   magic.
   Str:       It affects your strength (+3).
   Int:       It affects your intelligence (+3).
   Slay:      It affects your accuracy & damage with ranged weapons and melee
   (+3).
   rPois:     It protects you from poison.
 p - the amulet "Teinguaff" {Spirit Will+}
   (You bought it in a shop in the Dungeon)

   [amulet of guardian spirit]

   It causes incoming damage to be divided between your reserves of health and
   magic.
   Will:      It increases your willpower.
 q - the amulet "Ruar" {Reflect +Inv Str+3 SH+5}
   (You bought it in a shop in the Dungeon)

   [amulet of reflection]

   It reflects blocked missile attacks.
   Str:       It affects your strength (+3).
   +Inv:      It lets you turn invisible.
   SH:        It affects your SH (+5).
 r - the amulet of Otzouckinu {Acrobat Str-5 Int+6}
   (You bought it in a shop in the Dungeon)

   [amulet of the acrobat]

   It increases your evasion while moving and waiting.
   Str:       It affects your strength (-5).
   Int:       It affects your intelligence (+6).
Wands
 i - a wand of acid (3)
 j - a wand of iceblast (4)
Scrolls
 g - 4 scrolls of blinking
 k - 3 scrolls of fog
Potions
 b - 3 potions of magic
 c - a potion of curing
 d - 4 potions of heal wounds
 e - 4 potions of haste
 f - a potion of berserk rage
 h - a potion of resistance


   Skills:
 - Level 2.4 Dodging
 - Level 2.4 Stealth
 + Level 10.2 Spellcasting
 + Level 9.3 Conjurations


You had 23 spell levels left.
You knew the following spells:

 Your Spells              Type           Power      Damage    Failure   Level
a - Magic Dart            Conj           100%       1d8       1%          1

Your spell library contained the following spells:

 Spells                   Type           Power      Damage    Failure   Level
 Searing Ray              Conj           100%       2d8       1%          2
 Dazzling Flash           Conj/Hex       72%        N/A       2%          3
 Fulminant Prism          Conj/Hex       18%        3d10      7%          4
 Iskenderun's Mystic Bla  Conj/Tloc      36%        2d9       7%          4


Dungeon Overview and Level Annotations

Branches:
Dungeon (1/1)

Altars:
Cheibriados
Dithmenos
Fedhas
Gozag
Kikubaaqudgha
Makhleb
Okawaru
Ru
Sif Muna
Trog
Uskayaw
Vehumet
Wu Jian
Xom
Yredelemnul
Zin
The Shining One
Lugonu

Shops:
D *[?**[(!!!!


Message History

Your Conjurations skill gained 5 levels and is now at level 9!
You have reached level 2!
You have reached level 3!
Your experience leads to an increase in your attributes!
Increase (S)trength, (I)ntelligence, or (D)exterity?
You feel clever. x2
You have reached level 4!
You feel clever.
You have reached level 5!
You now have 236 gold pieces (gained 36).
Things that are here:
a +0 scythe; a +0 robe
l - a +0 scythe;
m - a +0 robe
Found a roughly hewn altar of Beogh.
Found Buibe's Weapon Rack.
Found Rat Rano's Basic Armour and Reashrupp's Miscellaneous Merchandise.
Found Fivumi's Premium Goods.
Found a hide-covered altar of Uskayaw and an iron altar of Okawaru.
Found a basalt altar of Yredelemnul.
Found a shimmering blue altar of Sif Muna.
Found Xiuzetz's Identification Station.
Found Sedwyiwk's Advanced Armour and Zyopru's Jewellery.
Found an ancient bone altar of Kikubaaqudgha.
Found a sacrificial altar of Ru.
Found a radiant altar of Vehumet.
Found a glowing golden altar of the Shining One.
An endoplasm comes into view.
There is an entrance to Zyopru's Jewellery here.
n - the amulet of the Piercing Genius {Reflect +Inv rC- Will++ Int+2 SH+5}
o - the amulet of the Crafting Gods {Spirit rPois Str+3 Int+3 Slay+3}
p - the amulet "Teinguaff" {Spirit Will+}
q - the amulet "Ruar" {Reflect +Inv Str+3 SH+5}
r - the amulet of Otzouckinu {Acrobat Str-5 Int+6} Thank you for shopping at Zyopru's Jewellery!
The endoplasm quivers.
There is a staircase leading out of the dungeon here.
Are you sure you want to leave the Dungeon?
This will make you lose the game!
Alright, then stay!
Are you sure you want to leave the Dungeon?
This will make you lose the game!
You have escaped!

_......._# ###.........###
#⌠...........⌠#
######.8.....J...8.######
##.._.......# #......_._∩##
###∩........8.# #.8........∩###
##.............###.............##
#⌠.........J###...###..........⌠#
#⌠..........# #.@.# #..........⌠#
#⌠..........###...###..........⌠#
##............J###.............##
###∩........8.# #.8........∩###
##∩___......###......___∩##
######.8.........8.######
#⌠...........⌠# ###.........###
#_......._#


You could see an endoplasm.

Vanquished Creatures
  Sigmund (D)
1 creature vanquished.

Notes
Turn   | Place    | Note
-------+----------+-------------------------------------------
     0 | D        | Heoruswealwe the Deep Elf Conjurer began the quest for the
                  | Orb.
     0 | D        | Reached XP level 1. HP: 10/10 MP: 6/6
     0 | D        | Found a snail-covered altar of Cheibriados.
     0 | D        | Found a glowing silver altar of Zin.
     3 | D        | Found a blossoming altar of Fedhas.
     3 | D        | Found a bloodstained altar of Trog.
     4 | D        | Found a shadowy altar of Dithmenos.
     5 | D        | Found a corrupted altar of Lugonu.
     5 | D        | Found an opulent altar of Gozag.
     5 | D        | Round 1.
     6 | D        | Found Feptonet's Distillery.
     6 | D        | Found a burning altar of Makhleb.
     6 | D        | Found a shimmering altar of Xom.
     6 | D        | Found Qenoa's Do-It-Yourself Clinic.
     7 | D        | Found Gore Hil's Distillery.
     7 | D        | Found Imon's Bottled Wisdom.
     8 | D        | Noticed Sigmund
     9 | D        | Found an ornate altar of the Wu Jian Council.
    13 | D        | Became a worshipper of Gozag Ym Sagoz the Greedy
    16 | D        | Killed Sigmund
    17 | D        | Reached skill level 10 in Spellcasting
    17 | D        | Reached XP level 2. HP: 15/15 MP: 6/15
    17 | D        | Reached XP level 3. HP: 19/19 MP: 6/16
    17 | D        | Reached XP level 4. HP: 24/24 MP: 6/18
    17 | D        | Reached XP level 5. HP: 28/28 MP: 6/19
    26 | D        | Found Buibe's Weapon Rack.
    27 | D        | Found Rat Rano's Basic Armour.
    27 | D        | Found Reashrupp's Miscellaneous Merchandise.
    28 | D        | Found a hide-covered altar of Uskayaw.
    28 | D        | Found an iron altar of Okawaru.
    28 | D        | Found Fivumi's Premium Goods.
    33 | D        | Found a basalt altar of Yredelemnul.
    34 | D        | Found a shimmering blue altar of Sif Muna.
    35 | D        | Found Xiuzetz's Identification Station.
    36 | D        | Found Sedwyiwk's Advanced Armour.
    36 | D        | Found Zyopru's Jewellery.
    36 | D        | Found an ancient bone altar of Kikubaaqudgha.
    41 | D        | Found a sacrificial altar of Ru.
    42 | D        | Found a radiant altar of Vehumet.
    43 | D        | Found a glowing golden altar of the Shining One.
    50 | D        | Bought a scintillating ivory amulet for 45 gold pieces
    50 | D        | Identified the amulet of the Piercing Genius {Reflect +Inv
                  | rC- Will++ Int+2 SH+5} (You bought it in a shop in the
                  | Dungeon)
    50 | D        | Bought a crude zirconium amulet for 45 gold pieces
    50 | D        | Identified the amulet of the Crafting Gods {Spirit rPois
                  | Str+3 Int+3 Slay+3} (You bought it in a shop in the
                  | Dungeon)
    50 | D        | Bought a twitching amethyst amulet for 45 gold pieces
    50 | D        | Identified the amulet "Teinguaff" {Spirit Will+} (You
                  | bought it in a shop in the Dungeon)
    50 | D        | Bought a steaming emerald amulet for 45 gold pieces
    50 | D        | Identified the amulet "Ruar" {Reflect +Inv Str+3 SH+5} (You
                  | bought it in a shop in the Dungeon)
    50 | D        | Bought a flickering zirconium amulet for 45 gold pieces
    50 | D        | Identified the amulet of Otzouckinu {Acrobat Str-5 Int+6}
                  | (You bought it in a shop in the Dungeon)
    63 | D        | Got out of the dungeon alive.

Illustrated notes

Levels and vault maps discovered:
D:        arena_sprint

Skill      XL: |  1 |
---------------+----+-----
Spellcasting   | 10 | 10.2
Conjurations   | 9 |  9.3
Dodging        | |  2.4
Stealth        | |  2.4

Action                     |  1- 3 |  4- 6 || total
---------------------------+-------+-------++-------
  Evoke: Wand              |     3 |       ||     3
